 Dungeon Crawl Stone Soup version 0.27.0-1-g7a089689b8 (webtiles) character file.

Game seed: 10111541826661510244

68798 SnakkuSnakku7 the Severer (level 15, -8/80 HPs)
             Began as a Vine Stalker Berserker on Aug 11, 2021.
             Was a High Priest of Trog.
             Mangled by a frost giant (31 damage)
             ... on level 1 of the Depths.
             The game lasted 00:20:35 (10749 turns).

SnakkuSnakku7 the Severer (Vine Stalker Berserker) Turns: 10749, Time: 00:20:36

Health: -8/80      AC: 26    Str: 31    XL:     15   Next: 27%
Magic:  0/20       EV: 16    Int:  4    God:    Trog [*****.]
Gold:   443        SH: 13    Dex: 15    Spells: 14/14 levels left

rFire    . . .     SeeInvis +   a - +5 broad axe (freeze)
rCold    . . .     Faith    .   L - +0 kite shield
rNeg     . . .     Spirit   +   G - +3 chain mail of the Blue Moon {rPois SInv}
rPois    +         Reflect  .   V - +2 helmet of Sophism {Contam +Inv Str+4 Dex+2}
rElec    .         Harm     .   F - +2 cloak {rCorr}
rCorr    +         Rampage  .   m - +0 pair of gloves
Will     +++++     Rnd*Rage +   B - +2 pair of boots {Fly}
Stlth    ..........             Q - necklace of Bloodlust {*Rage +Rage Will++ Int-3 Slay+6}
HPRegen  2.23/turn              e - +4 ring of evasion
MPRegen  0.17/turn              N - +4 ring of evasion

@: strong-willed, on berserk cooldown, flying, regenerating, slowed, very slow
A: fangs 3, regeneration 1, magic shield, antimagic bite, no potion heal 2
a: Renounce Religion, Evoke Berserk Rage, Evoke Invisibility, Berserk, Trog's
Hand, Brothers in Arms


You were on level 1 of the Depths.
You worshipped Trog.
Trog was extremely pleased with you.
You visited 2 branches of the dungeon, and saw 16 of its levels.
You also visited: Sewer.

You collected 1021 gold pieces.
You spent 578 gold pieces at shops.

Inventory:

Hand Weapons
 a - a +5 broad axe of freezing (weapon)
 b - a +3 war axe of flaming
Missiles
 h - 10 curare-tipped darts (quivered)
 C - 8 throwing nets
Armour
 m - a +0 pair of gloves (worn)
 B - a +2 pair of boots of flying (worn)
 F - a +2 cloak of preservation (worn)
 G - the +3 chain mail of the Blue Moon (worn) {rPois SInv}
   (You bought it in a shop on level 2 of the Dungeon)

   rPois:     It protects you from poison.
   SInv:      It lets you see invisible.
 L - a +0 kite shield (worn)
 V - the +2 helmet of Sophism (worn) {Contam +Inv Str+4 Dex+2}
   (You found it on level 15 of the Dungeon)

   Str:       It affects your strength (+4).
   Dex:       It affects your dexterity (+2).
   +Inv:      It lets you turn invisible.
   Contam:    It causes magical contamination when unequipped.
Jewellery
 e - a +4 ring of evasion (left hand)
 H - an amulet of the acrobat
 J - a ring of fire
 M - a ring of poison resistance
 N - a +4 ring of evasion (right hand)
 Q - the necklace of Bloodlust (around neck) {*Rage +Rage Will++ Int-3 Slay+6}
   (You found it on level 14 of the Dungeon)

   [amulet of nothing]

   It extends the wearer's berserk rage when killing foes.
   Int:       It affects your intelligence (-3).
   Slay:      It affects your accuracy & damage with ranged weapons and melee
   (+6).
   +Rage:     It lets you go berserk.
   *Rage:     It may make you go berserk in combat.
   Will:      It greatly increases your willpower.
 S - the ring "Totoysm" {SInv Stlth+}
   (You found it on level 14 of the Dungeon)

   [ring of see invisible]

   SInv:      It lets you see invisible.
   Stlth:     It makes you more stealthy.
Wands
 t - a wand of mindburst (16)
 x - a wand of flame (81)
 z - a wand of paralysis (19)
 D - a wand of acid (15)
 K - a wand of digging (11)
 O - a wand of iceblast (9)
Scrolls
 i - 2 scrolls of vulnerability
 j - 9 scrolls of teleportation
 k - 2 scrolls of enchant armour
 q - 3 scrolls of fear
 r - a scroll of magic mapping
 s - a scroll of holy word
 y - a scroll of immolation
Potions
 d - 3 potions of haste {unknown}
 f - 2 potions of cancellation
 g - 5 potions of flight
 l - 3 potions of attraction
 o - a potion of magic {unknown}
 p - 7 potions of curing
 u - 2 potions of resistance
 A - 2 potions of mutation
 I - 2 potions of lignification {unknown}
 P - 2 potions of invisibility
 U - 2 potions of might
Miscellaneous
 E - a phial of floods (inert)


   Skills:
 - Level 10.0 Fighting
 - Level 16.0 Axes
 - Level 10.0 Armour
 - Level 1.5 Dodging
 - Level 10.0 Shields
 + Level 6.6 Invocations


You had 14 spell levels left.
You didn't know any spells.
Your spell library was empty.

Dungeon Overview and Level Annotations

Branches:
Dungeon (15/15)            Temple (0/1) D:6            Lair (0/6) D:10
    Orc (0/2) D:12         Vaults (0/5) D:13         Depths (1/5) D:15
  Sewer (visited)

Altars:
Sif Muna
Uskayaw
Xom

Shops:
D:2 [   D:11 *   D:13 (


Innate Abilities, Weirdness & Mutations

You have razor-sharp teeth.
Your natural rate of healing is unusually fast.
When hurt, damage is shared between your health and your magic reserves.
Your bite disrupts and absorbs the magic of your enemies.
Potions cannot restore your health.


Message History

The frost giant shouts!
A frost giant is nearby!
A frost giant is nearby!
Unknown command.
The frost giant gestures at you while chanting.
The bolt of cold hits you!!!
Ouch! That really hurt!
There is an open door here.
You reach down and close the door.
Your skin crawls.
You feel strong-willed.
A frost giant opens the door.
The frost giant points at you and mumbles some strange words.
The bolt of cold hits you!!
* * * LOW HITPOINT WARNING * * *
Unknown command.
Okay, then.
Aim the phial where?
Press: ? - help, Shift-Dir - straight line, f - frost giant
Aim: a frost giant, wielding a +3 battleaxe of freezing The torrent of water hits the frost giant.
The frost giant is lightly wounded.
The wave splashes down.
The frost giant is engulfed in water.
You hear two shouts!
You hear a shout! x2
Unknown command.
You slash the frost giant! You freeze the frost giant.
You bite the frost giant.
The frost giant's magic leaks into the air.
You drain its magic.
You feel invigorated.
The frost giant is moderately wounded.
The frost giant hits you with a +3 battleaxe of freezing!
* * * LOW HITPOINT WARNING * * *
The frost giant freezes you.
* * * LOW HITPOINT WARNING * * *
You block the frost giant's attack.
You slash the frost giant! You freeze the frost giant.
You bite the frost giant, but do no damage.
The frost giant is moderately wounded.
The frost giant hits you with a +3 battleaxe of freezing!!!
You die...

............###
............##≈
............##≈
............##≈
.....≈≈.....##≈
.....≈≈≈....###
...C..≈≈.......
......#C#######
..... #@# ....
#.##### ...
#)....# ..
#.###.# .... #†#
#.#
.....#.###.#####
......'.........[
......#.#.#..#.##
'##...#.#....#.#


You could see a frost giant (waterlogged).

Vanquished Creatures
  Gastronok (D:9)
  A stone giant (Depths:1)
  Snorg (D:12)
  Josephine (D:11)
  4 hydras
  A rakshasa (Depths:1)
  7 boulder beetles
  An ice dragon (Depths:1)
  Erica (D:8)
  5 centaur warriors
  4 two-headed ogres
  2 deep troll earth magi
  A deep troll shaman (D:14)
  4 tengu warriors
  7 hell knights
  A deep elf knight (D:13)
  A skeletal warrior (D:13)
  A salamander mystic (Depths:1)
  5 iron trolls (D:15)
  The ghost of komi the Spear-Bearer, a novice FoMo of Cheibriados (D:7)
  8 deep trolls
  A wizard (Depths:1)
  A lindwurm (shapeshifter) (D:14)
  A lindwurm (D:10)
  4 deep elf pyromancers
  A deep elf zephyrmancer (D:13)
  10 ugly things
  3 cyclopes
  A wolf spider (D:15)
  A slime creature (D:15)
  A cyclops (shapeshifter) (D:15)
  A manticore (D:13)
  Maurice (D:8)
  4 salamanders
  2 gargoyles
  A rime drake (shapeshifter) (D:15)
  A cane toad (shapeshifter) (D:14)
  3 kobold demonologists (D:12)
  4 yaktaurs (D:13)
  2 tengu conjurers (Depths:1)
  3 komodo dragons (D:10)
  A jumping spider (D:10)
  2 hornets
  5 trolls
  A blink frog (shapeshifter) (D:13)
  3 redbacks (D:10)
  A tarantella (shapeshifter) (D:15)
  2 meliai zombies
  A centaur simulacrum (D:14)
  A vampire (D:14)
  A shadow (D:10)
  10 yaks
  7 wraiths
  3 wyverns
  A fire elemental (D:15)
  14 vampire mosquitoes
  2 steam dragons
  2 basilisks
  An acid dragon (D:10)
  A water moccasin (D:6)
  2 sky beasts
  2 ice beasts
  5 orc warriors
  2 black bears
  A boggart (D:13)
  A necrophage (D:7)
  2 ogres (D:4)
  15 centaurs
  A phantom (D:5)
  7 kobold brigands
  2 bullfrogs
  2 gnoll sergeants
  2 scorpions
  2 water moccasin skeletons
  6 killer bees (D:9)
  8 wights
  4 howler monkeys
  3 lava snakes (D:10)
  2 centaur zombies
  6 hounds
  6 orc priests
  2 bullfrog skeletons
  2 jellies (D:5)
  6 centaur skeletons
  A gnoll shaman (D:7)
  14 orc wizards
  4 iguanas
  A hound skeleton (D:4)
  2 howler monkey zombies (D:9)
  10 gnolls
  A howler monkey skeleton (D:7)
  9 adders
  A river rat (D:4)
  3 shadow imps
  2 white imps
  2 ufetubi (D:4)
  An adder zombie (D:5)
  2 worms
  2 dart slugs
  42 orcs
  3 endoplasms
  10 giant cockroaches
  8 goblins
  5 hobgoblins
  3 jackals
  7 quokkas
  3 training dummies (D:13)
  8 ball pythons
  4 bats
  9 frilled lizards
  21 kobolds
  7 rats
439 creatures vanquished.

Vanquished Creatures (others)
  Harold (D:8)
  22 plants
23 creatures vanquished.

Grand Total: 462 creatures vanquished

Notes
Turn   | Place    | Note
-------+----------+-------------------------------------------
     0 | D:1      | SnakkuSnakku7 the Vine Stalker Berserker began the quest
                  | for the Orb.
     0 | D:1      | Reached XP level 1. HP: 11/11 MP: 2/2
   136 | D:1      | Reached XP level 2. HP: 8/16 MP: 0/3
   158 | D:1      | Reached skill level 3 in Axes
  1215 | D:2      | Reached XP level 3. HP: 17/20 MP: 1/4
  1216 | D:2      | Found a shimmering blue altar of Sif Muna.
  1309 | D:2      | Found Kidim's Antique Armour Shoppe.
  1639 | D:3      | Reached ** piety under Trog
  1915 | D:3      | Gained mutation: Your natural rate of healing is unusually
                  | fast. [Vine Stalker growth]
  1915 | D:3      | Reached XP level 4. HP: 19/25 MP: 3/5
  2137 | D:4      | Noticed an ogre
  2144 | D:4      | Killed an ogre
  2145 | D:4      | Reached skill level 4 in Axes
  2145 | D:4      | Reached XP level 5. HP: 29/29 MP: 4/6
  2166 | D:4      | Reached skill level 5 in Axes
  2228 | D:4      | Reached XP level 6. HP: 24/33 MP: 5/7
  2479 | D:4      | Reached skill level 6 in Axes
  2514 | D:4      | Found a glowing drain.
  2525 | Sewer    | Entered a sewer
  2617 | Sewer    | Reached XP level 7. HP: 37/37 MP: 8/8
  2618 | Sewer    | Reached *** piety under Trog
  3054 | D:4      | Reached skill level 7 in Axes
  3263 | D:5      | Entered Level 5 of the Dungeon
  3517 | D:5      | Gained mutation: You have razor-sharp teeth. [Vine Stalker
                  | growth]
  3517 | D:5      | Reached XP level 8. HP: 42/42 MP: 9/9
  3528 | D:5      | Reached skill level 8 in Axes
  3644 | D:5      | Reached **** piety under Trog
  3904 | D:2      | Bought a glowing helmet for 210 gold pieces
  3987 | D:6      | Reached skill level 9 in Axes
  4222 | D:6      | Found a staircase to the Ecumenical Temple.
  4278 | D:6      | Reached skill level 10 in Axes
  4283 | D:6      | Reached XP level 9. HP: 45/45 MP: 10/10
  4429 | D:7      | Noticed a hornet
  4438 | D:7      | Killed a hornet
  4448 | D:7      | Reached skill level 11 in Axes
  4539 | D:7      | Found a runed translucent door.
  4539 | D:7      | Noticed komi's ghost (novice FoMo)
  4557 | D:7      | Killed komi's ghost
  4558 | D:7      | Reached skill level 12 in Axes
  4564 | D:7      | Reached XP level 10. HP: 41/49 MP: 7/11
  4791 | D:7      | Noticed a +0 dagger
  4793 | D:7      | Noticed a +0 hand axe
  4797 | D:7      | Found a hide-covered altar of Uskayaw.
  5090 | D:8      | Noticed Erica
  5090 | D:8      | Noticed Maurice
  5090 | D:8      | Noticed a four-headed hydra
  5091 | D:8      | Noticed Harold
  5110 | D:8      | Killed Erica
  5117 | D:8      | Reached skill level 13 in Axes
  5119 | D:8      | Killed Harold
  5222 | D:8      | Killed a two-headed hydra
  5327 | D:8      | Reached skill level 14 in Axes
  5412 | D:8      | Reached XP level 11. HP: 53/53 MP: 10/12
  5419 | D:8      | Killed Maurice
  5610 | D:2      | Bought a twisted chain mail for 266 gold pieces
  5610 | D:2      | Identified the +3 chain mail of the Blue Moon {rPois SInv}
                  | (You bought it in a shop on level 2 of the Dungeon)
  5744 | D:9      | Noticed Gastronok
  5769 | D:9      | Killed Gastronok
  5770 | D:9      | Reached skill level 15 in Axes
  5990 | D:9      | Reached ***** piety under Trog
  6327 | D:10     | Entered Level 10 of the Dungeon
  6531 | D:10     | Noticed a boulder beetle
  6542 | D:10     | Killed a boulder beetle
  6553 | D:10     | Reached skill level 16 in Axes
  6599 | D:10     | Found a staircase to the Lair.
  6615 | D:10     | Reached skill level 1 in Shields
  6778 | D:10     | Found a runed translucent door.
  6835 | D:10     | Found the +8 whip "Snakebite" {venom, curare, rPois}
  6857 | D:10     | Found a runed translucent gate.
  6857 | D:10     | Found a runed translucent gate.
  6858 | D:10     | Noticed a boulder beetle
  6858 | D:10     | Found a runed translucent gate.
  6858 | D:10     | Found a runed translucent gate.
  6858 | D:10     | Found a runed translucent gate.
  6858 | D:10     | Noticed a lindwurm
  6858 | D:10     | Noticed a boulder beetle
  6867 | D:10     | Reached XP level 12. HP: 49/58 MP: 10/13
  6874 | D:10     | Found a runed translucent gate.
  6877 | D:10     | Identified the +1 hat of Wecraow {rPois rF- Int+2 SInv}
  6907 | D:10     | Killed a boulder beetle
  6919 | D:10     | Killed a boulder beetle
  6920 | D:10     | Reached skill level 5 in Shields
  7110 | D:11     | Noticed a centaur warrior
  7121 | D:11     | Killed a centaur warrior
  7156 | D:11     | Noticed a two-headed ogre
  7164 | D:11     | Killed a two-headed ogre
  7216 | D:11     | Noticed Josephine
  7216 | D:11     | Noticed a four-headed hydra
  7217 | D:11     | Found Werhomick's Wicked Wares.
  7220 | D:11     | Killed Josephine
  7228 | D:11     | Killed a four-headed hydra
  7228 | D:11     | Received a gift from Trog
  7316 | D:11     | Noticed a two-headed ogre
  7328 | D:11     | Killed a two-headed ogre
  7390 | D:11     | Noticed a four-headed hydra
  7403 | D:11     | Killed a one-headed hydra
  7723 | D:12     | Noticed Snorg
  7723 | D:12     | Noticed a boulder beetle
  7809 | D:12     | Killed a boulder beetle
  7810 | D:12     | Reached skill level 10 in Shields
  7810 | D:12     | Reached XP level 13. HP: 59/61 MP: 12/14
  7825 | D:12     | Killed Snorg
  8091 | D:12     | Reached skill level 5 in Armour
  8135 | D:12     | Found a staircase to the Orcish Mines.
  8673 | D:13     | Received a gift from Trog
  8689 | D:13     | Identified the +10 rapier of the Spectre {holy, rPois rN+
                  | Will+ Stlth-}
  8735 | D:13     | Reached XP level 14. HP: 66/66 MP: 15/15
  8792 | D:13     | Found a gate to the Vaults.
  8825 | D:13     | Found Bugruda's Firing Range.
  8829 | D:13     | Bought a throwing net for 51 gold pieces
  8829 | D:13     | Bought a throwing net for 51 gold pieces
  9085 | D:14     | Reached skill level 10 in Armour
  9093 | D:14     | Reached skill level 5 in Fighting
  9096 | D:14     | Found the necklace of Bloodlust {*Rage +Rage Will++ Int-3
                  | Slay+6}
  9172 | D:14     | Identified the ring "Totoysm" {SInv Stlth+}
  9501 | D:15     | Entered Level 15 of the Dungeon
  9712 | D:15     | Found a staircase to the Depths.
  9736 | D:15     | Found a shimmering altar of Xom.
  9770 | D:15     | Found a shimmering altar of Xom.
  9770 | D:15     | Found a shimmering altar of Xom.
  9773 | D:15     | Found a shimmering altar of Xom.
  9881 | D:15     | Identified the +2 helmet of Sophism {Contam +Inv Str+4
                  | Dex+2}
 10109 | Depths:1 | Entered Level 1 of the Depths
 10298 | Depths:1 | Received a gift from Trog
 10358 | Depths:1 | Identified the +6 demon whip "Ovashiso" {vamp, Will+ Str+3
                  | Int+4}
 10369 | D:15     | Reached skill level 10 in Fighting
 10369 | D:15     | Reached skill level 1 in Invocations
 10383 | D:15     | Reached XP level 15. HP: 65/80 MP: 17/17
 10455 | Depths:1 | Reached skill level 5 in Invocations
 10742 | Depths:1 | Noticed a frost giant
 10749 | Depths:1 | Mangled by a frost giant

Illustrated notes

Levels and vault maps discovered:
D:1:      dpeg_arrival_tiny_c, layout_basic
D:2:      layout_rooms, basic_altar, serial_shops, nicolae_shop_statue_plus
D:3:      layout_rooms, kennysheep_minor_cross
D:4:      minmay_octagon_keep, layout_loops_ring, gup_sewer_entry_bubbles
D:5:      layout_basic, kennysheep_crisscross, minmay_liquid_box,
          minmay_misc_feat_diagonals, minivault_23
D:6:      layout_rooms, minmay_temple_entry_enclosed_plants
D:7:      layout_rooms, dancing_weapons_uskayaw, gammafunk_ghost_grave
D:8:      layout_rooms, uniq_harold, uniq_erica, uniq_maurice
D:9:      layout_basic, minivault_25, uniq_gastronok
D:10:     gammafunk_indiana_jones, layout_gridville, erik_lair_dragon
D:11:     layout_basic, corexii_corridor_pit, nicolae_evil_shop, uniq_josephine
D:12:     layout_rooms, orc_0_dummy, uniq_snorg
D:13:     layout_basic, hangedman_vaults_entry_quadrant_bands,
          nicolae_shop_firing_range
D:14:     layout_rooms, minmay_misc_feat_doors,
          hellmonk_guarded_unrand_vitality_bloodlust
D:15:     hangedman_depths_entry_try_elsewhere_first, layout_loops_ring,
          xom_redecorated
Depths:1: kennysheep_snake, layout_gridlike, hellmouth_1, grunt_decor_arrowhead,
          kb_rosetta

Skill      XL: |  1  2  3  4  5  6  7  8  9 10 11 12 13 14 15 |
---------------+----------------------------------------------+-----
Fighting       | 3 4 10 | 10.0
Axes           | 3 4 5 6 7 10 12 14 16 | 16.0
Shields        | 2 10 | 10.0
Armour         | 2 9 10 | 10.0
Invocations    | 2 6 |  6.6
Dodging        | |  1.5

Action                   |  1- 3 |  4- 6 |  7- 9 | 10-12 | 13-15 || total
-------------------------+-------+-------+-------+-------+-------++-------
Melee: Hand axe          |   115 |    98 |    94 |       |       ||   307
       Bite              |    32 |    23 |    61 |   136 |   210 ||   462
       War axe           |       |       |   132 |   323 |   437 ||   892
       Scimitar          |       |       |       |    13 |     4 ||    17
       Broad axe         |       |       |       |       |    51 ||    51
Invok: Berserk           |     1 |     4 |     3 |    10 |    12 ||    30
       Trog's Hand       |     1 |       |     1 |     2 |     1 ||     5
Evoke: Phial of floods   |       |       |       |       |     1 ||     1
  Use: Scroll            |       |     2 |     3 |    10 |    11 ||    26
 Stab: Sleeping          |       |     1 |       |       |       ||     1
Armor: Animal skin       |    25 |    20 |     7 |       |       ||    52
       Scale mail        |       |       |    52 |       |       ||    52
       Chain mail        |       |       |    26 |   141 |   187 ||   354
Dodge: Dodged            |    84 |    89 |   132 |   176 |   232 ||   713
Block: Kite shield       |       |       |       |     1 |   327 ||   328
       Rpst.: Scimitar   |       |       |       |     3 |     3 ||     6
